 Dungeon Crawl Stone Soup version 0.23-a0-333-g006994f (webtiles) character file.

34714 epen the Covert (level 13, -14/102 HPs)
             Began as a Gnoll Assassin on Oct 17, 2018.
             Was a High Priest of Vehumet.
             Killed from afar by an ice statue (15 damage)
             ... with a freezing blast
             ... in an ice cave.
             The game lasted 00:43:39 (17709 turns).

epen the Covert (Gnoll Assassin)                   Turns: 17709, Time: 00:43:40

Health: -14/102    AC: 19    Str: 21    XL:     13   Next: 79%
Magic:  25/25      EV: 22    Int: 20    God:    Vehumet [*****.]
Gold:   889        SH:  6    Dex: 16    Spells: 18/28 levels left

rFire    . . .     SeeInvis .   G - +7 scimitar of Tartarus {freeze, *Corrode Str+4 Int+4}
rCold    . . .     Gourm    .   o - +0 buckler
rNeg     . . .     Faith    .   T - +0 swamp dragon scales
rPois    +         Spirit   .   (no helmet)
rElec    .         Reflect  .   d - +1 cloak
rCorr    .         Harm     .   t - +2 pair of gloves
MR       .....                  (no boots)
Stlth    ++++......             B - amulet of regeneration
HPRegen  0.67/turn              U - +5 ring of evasion
MPRegen  0.19/turn              X - +4 ring of protection (curse)

@: no status effects
A: distributed training, fangs 1, strong nose
a: Renounce Religion


You were in an ice cave.
You worshipped Vehumet.
Vehumet was extremely pleased with you.
You were not hungry.

You visited 2 branches of the dungeon, and saw 17 of its levels.
You also visited: Ice Cave.

You collected 1069 gold pieces.
You spent 180 gold pieces at shops.

Inventory:

Hand Weapons
 a - a +3 dagger
 b - a +0 blowgun
 i - a +1 dagger of holy wrath
 v - a +0 falchion of flaming
 G - the +7 scimitar of Tartarus (weapon) {freeze, *Corrode Str+4 Int+4}
   (You found it on level 1 of the Lair of Beasts)

   It has been specially enchanted to freeze those struck by it, causing extra
   injury to most foes and up to half again as much damage against particularly
   susceptible opponents.
   It can also slow down cold-blooded creatures.
   It affects your strength (+4).
   It affects your intelligence (+4).
   It may corrode you when you take damage.
Missiles
 e - 98 poisoned needles
 f - 2 curare-tipped needles
 k - 4 needles of paralysis
 O - 8 needles of confusion
Armour
 c - a +1 ring mail of poison resistance
 d - a +1 cloak (worn)
 o - a +0 buckler (worn)
 t - a +2 pair of gloves (worn)
 D - the +3 salamander hide armour {+Rage rF++}
   (You found it on level 5 of the Dungeon)

   It greatly protects you from fire.
   It lets you go berserk.
 T - +0 swamp dragon scales (worn)
Jewellery
 u - an uncursed amulet of guardian spirit
 B - an amulet of regeneration (around neck)
 K - an uncursed ring of positive energy
 L - an uncursed ring of protection from magic
 Q - a +3 ring of evasion
 U - a +5 ring of evasion (left hand)
 X - a cursed +4 ring of protection (right hand)
Wands
 r - a wand of polymorph (26)
 y - a wand of iceblast (6)
 N - a wand of acid (3)
 R - a wand of paralysis (2)
 S - a wand of digging (2)
Scrolls
 h - 2 scrolls of amnesia
 j - a scroll of enchant armour
 m - 11 scrolls of teleportation
 w - a scroll of fear
 x - 5 scrolls of blinking
 A - 5 scrolls of identify
 E - 3 scrolls of remove curse
 J - 2 scrolls of magic mapping
 V - a scroll of fog
 W - a scroll of silence
Potions
 l - 5 potions of curing
 n - 4 potions of flight
 p - 6 potions of haste
 q - 6 potions of lignification
 s - 4 potions of agility
 z - a potion of might
 C - 5 potions of heal wounds
 F - 5 potions of cancellation
 I - 2 potions of brilliance
 P - 2 potions of ambrosia
Comestibles
 g - 33 rations


   Skills:
 + Level 9.6 Fighting
 + Level 9.6 Short Blades
 + Level 8.4 Long Blades
 + Level 8.4 Axes
 + Level 8.4 Maces & Flails
 + Level 8.4 Polearms
 + Level 8.4 Staves
 + Level 8.4 Slings
 + Level 8.4 Bows
 + Level 8.4 Crossbows
 + Level 9.6 Throwing
 + Level 8.4 Armour
 + Level 8.9 Dodging
 + Level 11.3 Stealth
 + Level 8.4 Shields
 + Level 8.4 Unarmed Combat
 + Level 8.4 Spellcasting
 + Level 7.0 Conjurations
 + Level 7.0 Hexes
 + Level 7.0 Charms
 + Level 7.0 Summonings
 + Level 7.0 Necromancy
 + Level 7.0 Translocations
 + Level 7.0 Transmutations
 + Level 7.0 Fire Magic
 + Level 7.0 Ice Magic
 + Level 7.0 Air Magic
 + Level 7.0 Earth Magic
 + Level 7.0 Poison Magic
 + Level 9.2 Invocations
 + Level 8.4 Evocations


You had 18 spell levels left.
You knew the following spells:

 Your Spells              Type           Power        Failure   Level  Hunger
a - Mephitic Cloud        Conj/Pois/Air  #####...     1%          3    None
b - Conjure Flame         Conj/Fire      #####...     1%          3    None
c - Fulminant Prism       Conj/Hex       #####.....   1%          4    ###....

Your spell library contained the following spells:

 Spells                   Type           Power        Failure   Level  Hunger
 Bolt of Draining         Conj/Necr      #####.....   5%          5    #####..
 Corona                   Hex            #####..      1%          1    None
 Shock                    Conj/Air       ####         1%          1    None
 Slow                     Hex            #####...     1%          2    None
 Swiftness                Chrm/Air       #####...     1%          2    None
 Inner Flame              Hex/Fire       #####...     1%          3    None
 Portal Projectile        Hex/Tloc       #####.       1%          3    None
 Static Discharge         Conj/Air       #####...     1%          3    None
 Airstrike                Air            #####.....   1%          4    ###....
 Lightning Bolt           Conj/Air       #####.....   5%          5    #####..
 Cause Fear               Hex            #####.....   7%          4    ###....
 Leda's Liquefaction      Hex/Erth       #####.....   7%          4    ###....


Dungeon Overview and Level Annotations

Branches:
Dungeon (11/15)            Temple (0/1) D:7            Lair (6/6) D:9
  Swamp (0/4) Lair:3        Snake (0/4) Lair:4        Slime (0/5) Lair:6
    Orc: D:9-12

Altars:
Ashenzari
Dithmenos
Fedhas
Kikubaaqudgha
Makhleb
Okawaru
Qazlal
Ru
Sif Muna
Vehumet
Wu Jian
The Shining One

Shops:
D:7 !   D:8 !

Annotations:
D:3 2 transporters, MisterFreud's ghost, amateur FoFi
Lair:4 exclusion: oklob plant IceCv exclusion: ice statue


Innate Abilities, Weirdness & Mutations

Your experience applies equally to all skills.
You have very sharp teeth.
Your uncanny sense of smell can sniff out nearby items.


Message History

The ice statue is severely damaged.
You are engulfed in freezing vapours.
The ice beast closely misses you. The ice statue gestures at you.
The freezing blast engulfs you!
* * * LOW HITPOINT WARNING * * *
You hit the ice statue but do no damage.
The ice statue is severely damaged.
You are engulfed in freezing vapours.
* * * LOW HITPOINT WARNING * * *
The ice beast completely misses you.
The ice statue glitters chillingly in the dim dungeon light.
You slash the ice statue!
You bite the ice statue, but do no damage.
The ice statue is severely damaged.
You are engulfed in freezing vapours.
* * * LOW HITPOINT WARNING * * *
The ice beast barely misses you. The ice statue gestures at you.
The freezing blast engulfs you!
You die...

###.###...#
##.#####..##
#...###..##
##......##
#..#....#
#!####.##
#..#####
#..##§##
##.§§@Y##|#
##§§§8..# ∆
####§.#..#
#.# .# ## ∆


You could see an ice statue and an ice beast.

Vanquished Creatures
  2 entropy weavers (Lair:6)
  4 hydras
  2 two-headed ogres
  A queen ant (Lair:6)
  A lindwurm (Lair:5)
  Joseph (D:7)
  6 elephants (Lair:4)
  A gargoyle (D:10)
  A guardian serpent (Lair:4)
  3 black mambas
  5 spiny frogs
  4 komodo dragons
  2 rime drakes (Lair:4)
  3 polar bears
  2 trolls
  5 hornets (Lair:6)
  3 dream sheep
  8 hippogriffs
  15 spriggans (Lair:6)
  17 yaks
  A basilisk (Lair:4)
  A hungry ghost (D:11)
  27 soldier ants
  8 water moccasins
  5 porcupines
  A sky beast (D:7)
  9 black bears
  A necrophage (D:5)
  3 phantoms
  3 ogres
  18 wolves
  3 boggarts (Lair:6)
  2 centaurs
  2 crocodiles
  3 big kobolds (D:8)
  16 bullfrogs
  A gnoll sergeant (D:9)
  A wyvern skeleton (D:9)
  3 scorpions
  12 killer bees (D:10)
  4 wights (D:10)
  5 howler monkeys
  3 electric eels
  A bullfrog zombie (D:10)
  5 crimson imps
  A centaur zombie (D:7)
  4 hounds
  2 jellies
  2 orc priests
  2 bullfrog skeletons
  4 iguanas
  4 orc wizards
  22 worker ants
  A hound zombie (D:7)
  A worker ant zombie (D:9)
  5 gnolls (D:9)
  16 adders
  3 shadow imps
  12 white imps (D:11)
  An ooze (D:1)
  2 adder zombies (D:5)
  2 worms
  4 dart slugs
  4 leopard geckos
  17 orcs
  19 bats
  4 giant cockroaches
  7 goblins
  5 hobgoblins
  8 jackals
  3 quokkas
  2 ball pythons
  6 frilled lizards
  3 kobolds (D:3)
  2 quokka skeletons
  12 rats
  A fungus (Lair:6)
405 creatures vanquished.

Vanquished Creatures (others)
  2 polar bears
  2 yaks (IceCv)
  3 wolves (IceCv)
  A bush (Lair:6)
  7 fulminant prisms
  15 fungi
  12 plants (Lair:6)
42 creatures vanquished.

Grand Total: 447 creatures vanquished

Notes
Turn   | Place    | Note
-------+----------+-------------------------------------------
     0 | D:1      | epen the Gnoll Assassin began the quest for the Orb.
     0 | D:1      | Reached XP level 1. HP: 20/20 MP: 1/1
   216 | D:1      | Reached XP level 2. HP: 26/26 MP: 2/2
   657 | D:1      | Found an iron altar of Okawaru.
   889 | D:2      | Reached XP level 3. HP: 31/31 MP: 3/3
   985 | D:2      | Reached skill level 1 in Invocations
  1085 | D:2      | Reached skill level 1 in Long Blades
  1085 | D:2      | Reached skill level 1 in Axes
  1085 | D:2      | Reached skill level 1 in Maces & Flails
  1085 | D:2      | Reached skill level 1 in Polearms
  1085 | D:2      | Reached skill level 1 in Staves
  1085 | D:2      | Reached skill level 1 in Slings
  1085 | D:2      | Reached skill level 1 in Bows
  1085 | D:2      | Reached skill level 1 in Crossbows
  1085 | D:2      | Reached skill level 1 in Armour
  1085 | D:2      | Reached skill level 1 in Shields
  1085 | D:2      | Reached skill level 1 in Unarmed Combat
  1085 | D:2      | Reached skill level 1 in Spellcasting
  1085 | D:2      | Reached skill level 1 in Evocations
  1088 | D:2      | Reached XP level 4. HP: 38/38 MP: 5/5
  1265 | D:2      | Found a faded altar of an unknown god.
  1303 | D:2      | Became a worshipper of Vehumet
  1303 | D:2      | Reached * piety under Vehumet
  1303 | D:2      | Offered knowledge of Shock by Vehumet.
  1731 | D:2      | Reached skill level 1 in Conjurations
  1731 | D:2      | Reached skill level 1 in Hexes
  1731 | D:2      | Reached skill level 1 in Charms
  1731 | D:2      | Reached skill level 1 in Summonings
  1731 | D:2      | Reached skill level 1 in Necromancy
  1731 | D:2      | Reached skill level 1 in Translocations
  1731 | D:2      | Reached skill level 1 in Transmutations
  1731 | D:2      | Reached skill level 1 in Fire Magic
  1731 | D:2      | Reached skill level 1 in Ice Magic
  1731 | D:2      | Reached skill level 1 in Air Magic
  1731 | D:2      | Reached skill level 1 in Earth Magic
  1731 | D:2      | Reached skill level 1 in Poison Magic
  1859 | D:3      | Noticed a bullfrog
  1864 | D:3      | Killed a bullfrog
  1864 | D:3      | Reached XP level 5. HP: 43/43 MP: 5/7
  1958 | D:3      | Noticed a sky beast
  1959 | D:3      | Noticed MisterFreud's ghost (amateur FoFi)
  1962 | D:3      | Found a transporter.
  1970 | D:3      | Found a transporter.
  2001 | D:3      | Offered knowledge of Throw Flame by Vehumet.
  2016 | D:3      | Reached ** piety under Vehumet
  2281 | D:3      | Found a stormy altar of Qazlal.
  2676 | D:4      | Reached skill level 8 in Stealth
  2676 | D:4      | Reached XP level 6. HP: 41/50 MP: 8/8
  3017 | D:4      | Reached skill level 5 in Fighting
  3017 | D:4      | Reached skill level 5 in Short Blades
  3017 | D:4      | Reached skill level 5 in Throwing
  3829 | D:5      | Entered Level 5 of the Dungeon
  3831 | D:5      | Found a burning altar of Makhleb.
  3844 | D:5      | Noticed a phantom
  3855 | D:5      | Reached XP level 7. HP: 43/56 MP: 10/10
  4026 | D:5      | Offered knowledge of Mephitic Cloud by Vehumet.
  4045 | D:5      | Learned a level 3 spell: Mephitic Cloud
  4196 | D:5      | Found an ornate altar of the Wu Jian Council.
  4197 | D:5      | Found a burning altar of Makhleb.
  4197 | D:5      | Found a sacrificial altar of Ru.
  4262 | D:5      | Reached *** piety under Vehumet
  4262 | D:5      | Reached XP level 8. HP: 50/63 MP: 12/12
  4430 | D:5      | Found the +3 salamander hide armour {+Rage rF++}
  4486 | D:5      | Found a glowing golden altar of the Shining One.
  4848 | D:6      | Found a shattered altar of Ashenzari.
  5388 | D:6      | Found a shadowy altar of Dithmenos.
  5545 | D:7      | Found an ancient bone altar of Kikubaaqudgha.
  5634 | D:7      | Offered knowledge of Stone Arrow by Vehumet.
  5686 | D:7      | Reached XP level 9. HP: 69/69 MP: 14/14
  5739 | D:7      | Found Butagoge's Distillery.
  5742 | D:7      | Bought a potion of haste for 120 gold pieces
  5742 | D:7      | Bought a potion of heal wounds for 60 gold pieces
  5753 | D:7      | Noticed Joseph
  5775 | D:7      | Killed Joseph
  5944 | D:7      | Found a deep blue altar of Sif Muna.
  6057 | D:7      | Found a staircase to the Ecumenical Temple.
  6175 | D:7      | Reached skill level 5 in Dodging
  6311 | D:8      | Found Ogiuc's Distillery.
  6395 | D:8      | Reached skill level 9 in Stealth
  6696 | D:8      | Reached skill level 5 in Invocations
  6717 | D:8      | Reached XP level 10. HP: 67/77 MP: 15/17
  6856 | D:8      | Noticed a three-headed hydra
  6880 | D:8      | Killed a one-headed hydra
  6880 | D:8      | Reached skill level 5 in Long Blades
  6880 | D:8      | Reached skill level 5 in Axes
  6880 | D:8      | Reached skill level 5 in Maces & Flails
  6880 | D:8      | Reached skill level 5 in Polearms
  6880 | D:8      | Reached skill level 5 in Staves
  6880 | D:8      | Reached skill level 5 in Slings
  6880 | D:8      | Reached skill level 5 in Bows
  6880 | D:8      | Reached skill level 5 in Crossbows
  6880 | D:8      | Reached skill level 5 in Armour
  6880 | D:8      | Reached skill level 5 in Shields
  6880 | D:8      | Reached skill level 5 in Unarmed Combat
  6880 | D:8      | Reached skill level 5 in Spellcasting
  6880 | D:8      | Reached skill level 5 in Evocations
  7648 | D:9      | Found a staircase to the Lair.
  7712 | D:9      | Reached **** piety under Vehumet
  7893 | D:9      | Offered knowledge of Conjure Flame by Vehumet.
  7901 | D:9      | Learned a level 3 spell: Conjure Flame
  8180 | D:9      | Noticed a two-headed ogre
  8287 | D:9      | Wingboner: Странный билд.
  8287 | D:9      | Wingboner: Но интересный.
  8287 | D:9      | epen: Который?
  8287 | D:9      | Wingboner: У тебя. 15 инты, гиена и Вех.
  8287 | D:9      | epen: а
  8287 | D:9      | epen: Вех с рандомного алтаря пришёл
  8287 | D:9      | epen: а так всё по классике
  8289 | D:9      | Killed a two-headed ogre
  8500 | D:10     | Entered Level 10 of the Dungeon
  8755 | D:10     | Noticed a two-headed ogre
  8755 | D:10     | Noticed a gargoyle
  8778 | D:10     | Reached XP level 11. HP: 84/84 MP: 19/19
  9098 | D:10     | Wingboner: А, тогда понятно.
  9175 | D:10     | Reached ***** piety under Vehumet
  9215 | D:10     | Offered knowledge of Fulminant Prism by Vehumet.
  9226 | D:10     | Learned a level 4 spell: Fulminant Prism
  9487 | D:10     | Killed a two-headed ogre
  9727 | Lair:1   | Entered Level 1 of the Lair of Beasts
  9774 | Lair:1   | Reached skill level 5 in Conjurations
  9774 | Lair:1   | Reached skill level 5 in Hexes
  9774 | Lair:1   | Reached skill level 5 in Charms
  9774 | Lair:1   | Reached skill level 5 in Summonings
  9774 | Lair:1   | Reached skill level 5 in Necromancy
  9774 | Lair:1   | Reached skill level 5 in Translocations
  9774 | Lair:1   | Reached skill level 5 in Transmutations
  9774 | Lair:1   | Reached skill level 5 in Fire Magic
  9774 | Lair:1   | Reached skill level 5 in Ice Magic
  9774 | Lair:1   | Reached skill level 5 in Air Magic
  9774 | Lair:1   | Reached skill level 5 in Earth Magic
  9774 | Lair:1   | Reached skill level 5 in Poison Magic
 10161 | Lair:1   | Reached skill level 10 in Stealth
 10413 | Lair:1   | Noticed an eight-headed hydra
 10436 | Lair:1   | Killed an eight-headed hydra
 10727 | Lair:1   | Got a shimmering scimitar
 10728 | Lair:1   | Identified the +7 scimitar of Tartarus {freeze, *Corrode
                  | Str+4 Int+4} (You found it on level 1 of the Lair of
                  | Beasts)
 12028 | Lair:3   | Noticed a four-headed hydra
 12304 | Lair:3   | Killed a one-headed hydra
 12304 | Lair:3   | Reached XP level 12. HP: 66/93 MP: 19/22
 12421 | Lair:3   | Found a staircase to the Swamp.
 13381 | Lair:4   | Found a staircase to the Snake Pit.
 13595 | Lair:4   | Found a blossoming altar of Fedhas.
 14204 | Lair:5   | You fall through a shaft!
 14204 | Lair:6   | Entered Level 6 of the Lair of Beasts
 14235 | Lair:6   | Noticed an entropy weaver
 14797 | Lair:6   | Reached XP level 13. HP: 101/101 MP: 24/24
 15026 | Lair:6   | Offered knowledge of Bolt of Draining by Vehumet.
 15077 | Lair:6   | Reached skill level 11 in Stealth
 15124 | Lair:6   | Noticed an entropy weaver
 15136 | Lair:6   | Killed an entropy weaver
 15201 | Lair:6   | Killed an entropy weaver
 16553 | Lair:6   | Found a staircase to the Slime Pits.
 17327 | D:11     | Found a frozen archway.
 17341 | IceCv    | Entered an ice cave
 17709 | IceCv    | HP: 1/102 [ice statue] (18)]
 17709 | IceCv    | Killed from afar by an ice statue

Vault maps used:
D:1:      scummos_arrival_checkerplants, okawaru_ov_weapons_minmay
D:2:      chequers_ecumenical_altar_island, roderic_nine_men_s_morris,
          kennysheep_decorative_pillar, guppyfry_early_lair_pool
D:3:      lemuel_coloured_pillars_altar, gammafunk_ghost_arena,
          serial_bayou_pond_d, minmay_cupped
D:5:      nicolae_overflow_quartered_altars, first_ration, basic_altar
D:6:      lemuel_round_altar, marbit_many_paths
D:7:      lemuel_doored_altar, nicolae_overflow_hidden_temple, temple_fountains,
          serial_shops, nicolae_shop_behind_doors, uniq_joseph
D:8:      serial_shops, nicolae_shop_stone, hangedman_ranch
D:9:      lair_entry_dummy
D:10:     roderic_batcave
D:11:     portal_ice_cave_entry_imps, basic_altar, uniq_gastronok, uniq_erolcha
Lair:1:   st_stairs_5
Lair:2:   st_stairs_13, chequers_serial_rivers_room_b
Lair:3:   swamp_mist_pool, minivault_26
Lair:4:   minmay_snake_entry_spellcaster, tgw_fedhas, serial_bayou_shore_b
Lair:5:   serial_bayou, serial_bayou_pond_b, serial_bayou_pond_a,
          serial_bayou_pond_e, serial_bayou_shore_a,
          chequers_serial_rivers_micro_d
Lair:6:   minmay_lair_end_enchanted_forest, dpeg_slime_entry_corner,
          ldierk_geyser, minivault_29
IceCv:    ice_cave_caverns_02

Skill      XL: |  1  2  3  4  5  6  7  8  9 10 11 12 13 |
---------------+----------------------------------------+-----
Invocations    | 1 2 3 4 5 6 7 8 9 |  9.2
Long Blades    | 1 2 3 4 5 6 7 8 |  8.4
Axes           | 1 2 3 4 5 6 7 8 |  8.4
Maces & Flails | 1 2 3 4 5 6 7 8 |  8.4
Polearms       | 1 2 3 4 5 6 7 8 |  8.4
Staves         | 1 2 3 4 5 6 7 8 |  8.4
Slings         | 1 2 3 4 5 6 7 8 |  8.4
Bows           | 1 2 3 4 5 6 7 8 |  8.4
Crossbows      | 1 2 3 4 5 6 7 8 |  8.4
Armour         | 1 2 3 4 5 6 7 8 |  8.4
Shields        | 1 2 3 4 5 6 7 8 |  8.4
Unarmed Combat | 1 2 3 4 5 6 7 8 |  8.4
Spellcasting   | 1 2 3 4 5 6 7 8 |  8.4
Evocations     | 1 2 3 4 5 6 7 8 |  8.4
Conjurations   | 1 2 3 4 5 6 7 |  7.0
Hexes          | 1 2 3 4 5 6 7 |  7.0
Charms         | 1 2 3 4 5 6 7 |  7.0
Summonings     | 1 2 3 4 5 6 7 |  7.0
Necromancy     | 1 2 3 4 5 6 7 |  7.0
Translocations | 1 2 3 4 5 6 7 |  7.0
Transmutations | 1 2 3 4 5 6 7 |  7.0
Fire Magic     | 1 2 3 4 5 6 7 |  7.0
Ice Magic      | 1 2 3 4 5 6 7 |  7.0
Air Magic      | 1 2 3 4 5 6 7 |  7.0
Earth Magic    | 1 2 3 4 5 6 7 |  7.0
Poison Magic   | 1 2 3 4 5 6 7 |  7.0
Dodging        | 3 4 5 6 7 8 |  8.9
Stealth        | 8 9 10 11 | 11.3
Fighting       | 5 6 7 8 9 |  9.6
Short Blades   | 5 6 7 8 9 |  9.6
Throwing       | 5 6 7 8 9 |  9.6

Action                   |  1- 3 |  4- 6 |  7- 9 | 10-12 | 13-15 || total
-------------------------+-------+-------+-------+-------+-------++-------
Melee: Dagger            |    72 |   198 |   350 |   378 |       ||   998
       Bite              |     3 |    21 |    50 |   118 |    48 ||   240
       Punch             |       |       |     4 |     6 |       ||    10
       Falchion          |       |       |       |    27 |    12 ||    39
       Scimitar          |       |       |       |   233 |   325 ||   558
 Fire: Blowgun           |       |       |     4 |     5 |       ||     9
Throw: Javelin           |       |     8 |    14 |    22 |     2 ||    46
 Cast: Conjure Flame     |       |       |       |     2 |       ||     2
       Mephitic Cloud    |       |       |       |    21 |    50 ||    71
       Fulminant Prism   |       |       |       |     7 |       ||     7
Evoke: Wand              |       |    23 |    22 |    45 |     2 ||    92
  Use: Scroll            |       |       |    19 |    12 |     1 ||    32
       Potion            |       |       |       |       |     1 ||     1
 Stab: Sleeping          |    10 |    12 |     9 |    21 |     2 ||    54
       Distracted        |       |       |     2 |       |     2 ||     4
       Paralysed         |       |       |       |     6 |       ||     6
       Confused          |       |       |       |    11 |    27 ||    38
  Eat: Chunk             |       |     6 |     9 |    14 |     7 ||    36
       Ration            |       |     1 |       |     4 |     1 ||     6
Armor: Robe              |    10 |       |       |       |       ||    10
       Ring mail         |     7 |    62 |    27 |    27 |       ||   123
       Leather armour    |       |       |   109 |    90 |       ||   199
       Swamp dragon scal |       |       |       |    27 |    83 ||   110
Dodge: Dodged            |    39 |   103 |   187 |   358 |   232 ||   919
Block: Buckler           |       |       |       |   102 |    84 ||   186
       Rpst.: Falchion   |       |       |       |     4 |     2 ||     6
       Scimitar          |       |       |       |    51 |    60 ||   111

Table legend:
 A = Non-vault XP
 B = Vault XP
 C = Vault XP percentage of total XP
 D = Non-vault monster count
 E = Vault monster count
 F = Vault count percentage of total count
                 A         B        C        D         E       F
            +---------+---------+-------+---------+---------+-------
      Total |   28569 |   21023 |  42.4 |     274 |     131 |  32.3
            +---------+---------+-------+---------+---------+-------
        D:1 |      33 |       0 |   0.0 |      18 |       0 |   0.0
        D:2 |     100 |       0 |   0.0 |      20 |       0 |   0.0
        D:3 |      67 |      89 |  57.1 |      25 |       2 |   7.4
        D:4 |     293 |       0 |   0.0 |      21 |       0 |   0.0
        D:5 |     789 |       0 |   0.0 |      22 |       0 |   0.0
        D:6 |     796 |      33 |   4.0 |      19 |       1 |   5.0
        D:7 |     754 |     455 |  37.6 |      18 |       1 |   5.3
        D:8 |     494 |    2237 |  81.9 |       9 |       8 |  47.1
        D:9 |    2167 |       0 |   0.0 |      19 |       0 |   0.0
       D:10 |    2977 |      13 |   0.4 |      28 |       8 |  22.2
       D:11 |     332 |     123 |  27.0 |       3 |      12 |  80.0
     Lair:1 |    4056 |     781 |  16.1 |      15 |       2 |  11.8
     Lair:2 |    2069 |     143 |   6.5 |      10 |       1 |   9.1
     Lair:3 |    2516 |       0 |   0.0 |       8 |       0 |   0.0
     Lair:4 |    5451 |     434 |   7.4 |      15 |       1 |   6.2
     Lair:5 |    2492 |     181 |   6.8 |      14 |       2 |  12.5
     Lair:6 |    3183 |   15548 |  83.0 |      10 |      87 |  89.7
      IceCv |       0 |     986 | 100.0 |       0 |       6 | 100.0
            +---------+---------+-------+---------+---------+-------
